 Dungeon Crawl Stone Soup version 0.31.0-9-g3a7656b989 (webtiles) character file.

Game seed: 6768482746425676176

36 qw the Shooter (level 3, 0/20 HPs)
             Began as a Deep Elf Hunter on Feb 2, 2024.
             Succumbed to their own poison gas
             ... on level 1 of the Dungeon.
             The game lasted 00:00:03 (473 turns).

qw the Shooter (Deep Elf Hunter)                     Turns: 473, Time: 00:00:04

Health: 0/20       AC:  5    Str: 10    XL:     3   Next: 19%
Magic:  5/5        EV: 11    Int: 13    God:
Gold:   76         SH:  0    Dex: 18    Spells: 2/2 levels left

rFire   . . .        a - +0 shortbow
rCold   . . .        (shield currently unavailable)
rNeg    . . .        j - +0 ring mail
rPois   .            (no helmet)
rElec   .            (no cloak)
rCorr   .            (no gloves)
SInv    .            (no boots)
Will    .....        (no amulet)
Stlth   +            (no ring)
HPRegen 0.23/turn    (no ring)
MPRegen 0.09/turn

%: no passive effects
@: lethally poisoned (0 -> -2)
A: no striking features
a: no special abilities


You were on level 1 of the Dungeon.
You visited 1 branch of the dungeon, and saw 1 of its levels.

You collected 76 gold pieces.


   Skills:
 - Level 1.5 Fighting
 + Level 6.8 Ranged Weapons
 - Level 2.4 Dodging
 - Level 1.2 Stealth


You had 2 spell levels left.
You didn't know any spells.
Your spell library was empty.

Inventory:

Hand Weapons
 a - a +0 shortbow (weapon)
Armour
 j - a +0 ring mail (worn)
Potions
 g - a potion of cancellation
 h - a potion of curing {unknown}

Dungeon Overview and Level Annotations

Branches:
Dungeon (1/15)

Altars:


Message History

It was a scroll of poison.
Done exploring.
463 ||| DROPPING scroll of butterflies.
You drop a scroll of butterflies.
Done exploring.
464 ||| DROPPING potion of brilliance.
You drop a potion of brilliance.
Done exploring.
What level of the Dungeon? (default 1, ? - help) Sorry, I don't know how to get there.
Enter note:
Enter note:
Enter note:
Enter note:
Enter note:
Enter note:
Enter note:
Enter note:
Enter note:
Enter note:
Enter note:
Enter note: You are engulfed in poison gas.
You are poisoned.
You feel very sick.
466 ||| Stepping ~*~*~tactically~*~*~ (cloud).
You feel sick.
Things that are here:
a potion of brilliance; a scroll of butterflies; a +0 leather armour
There is a lethal amount of poison in your body!
You feel sick.
There is a lethal amount of poison in your body!
You feel sick.
There is a lethal amount of poison in your body!
You feel sick.
There is a lethal amount of poison in your body!
You feel sick.
There is a lethal amount of poison in your body!
You feel sick.
There is a lethal amount of poison in your body!
You feel sick.
There is a lethal amount of poison in your body!
You die...

###......#..........# ###
.........#..........#### ##..
###>.....#..¤00.0¤00#### ##...
.........#0¤¤.¤.00¤0###### #....
####.....#0..000¤00¤0.¤..####....
#####.0¤.0¤0¤.0¤¤00...........
######.0.000¤00000####...##....
###......#¤¤000.000¤####.........
......####.0000¤@.¤00###....#....
###...# ######¤..##.#.....##....
#...# ######0#).¤.#.#...###...
#...# ######¤.###.0.#...# ##..
###...# ###......##...0....#####.
....#.###...#####..........#.....
#####.....###..............#.####
................####..######.#
##..##.........#####..#####..#


There were no monsters in sight!

Vanquished Creatures
  A dart slug (D:1)
  2 ball pythons (D:1)
  2 endoplasms (D:1)
  2 giant cockroaches (D:1)
  3 goblins (D:1)
  3 hobgoblins (D:1)
  2 jackals (D:1)
  5 kobolds (D:1)
  A quokka (D:1)
  3 bats (D:1)
  2 frilled lizards (D:1)
  5 rats (D:1)
31 creatures vanquished.

Notes
Turn   | Place    | Note
-------+----------+-------------------------------------------
     0 | D:1      | qw the Deep Elf Hunter began the quest for the Orb.
     0 | D:1      | Reached XP level 1. HP: 12/12 MP: 3/3
     0 | D:1      | 0 ||| qw: Version: 0.3-a-155-g5e7d8dd
     0 | D:1      | 0 ||| qw: Game counter: 1539
     0 | D:1      | 0 ||| qw: Melee chars always use a shield: true
     0 | D:1      | 0 ||| qw: God list: Okawaru
     0 | D:1      | 0 ||| qw: Allow faded altars: false
     0 | D:1      | 0 ||| qw: Do Orc after clearing Dungeon:15 true
     0 | D:1      | 0 ||| qw: Do second Lair branch before Depths: true
     0 | D:1      | 0 ||| qw: Lair rune preference: random
     0 | D:1      | 0 ||| qw: Goals: Normal
     0 | D:1      | 0 ||| PLANNING D:1-11
    27 | D:1      | 27 ||| RETREEEEATING.
    29 | D:1      | 29 ||| RETREEEEATING.
    30 | D:1      | 30 ||| RETREEEEATING.
    35 | D:1      | 35 ||| RETREEEEATING.
    41 | D:1      | Reached XP level 2. HP: 11/16 MP: 4/4
    43 | D:1      | Reached skill level 6 in Ranged Weapons
   253 | D:1      | Reached XP level 3. HP: 20/20 MP: 5/5
   448 | D:1      | 448 ||| UPGRADING to +0 ring mail.
   458 | D:1      | 458 ||| DROPPING +0 leather armour.
   459 | D:1      | 459 ||| READING 2 scrolls labelled SEVUV OCZAALIY.
   459 | D:1      | 459 ||| IDENTIFYING brown potion
   460 | D:1      | 460 ||| READING scroll of identify.
   460 | D:1      | 460 ||| IDENTIFYING fuming puce potion
   461 | D:1      | 461 ||| READING scroll labelled YRCHAR IRHUA.
   462 | D:1      | 462 ||| READING scroll labelled ETHYHA APTISE.
   463 | D:1      | 463 ||| DROPPING scroll of butterflies.
   464 | D:1      | 464 ||| DROPPING potion of brilliance.
   466 | D:1      | 466 ||| Stepping ~*~*~tactically~*~*~ (cloud).
   468 | D:1      | HP: 4/20 [poisoned by you (poison gas)]
   472 | D:1      | HP: 1/20 [poisoned by you (poison gas)]
   473 | D:1      | Succumbed to their own poison gas

Levels and vault maps discovered:
D:1:      spicycebolla_green_bress_n_ham, layout_rooms

Skill      XL: |  1  2 |
---------------+-------+-----
Ranged Weapons | 6 |  6.8
Fighting       | |  1.5
Dodging        | |  2.4
Stealth        | |  1.2

Action                     || total
---------------------------++-------
   Fire: Shortbow          ||    71
    Use: Scroll            ||     4
 Armour: Leather armour    ||    20
  Dodge: Dodged            ||    26

Table legend:
 A = Non-vault XP
 B = Vault XP
 C = Vault XP percentage of total XP
 D = Non-vault monster count
 E = Vault monster count
 F = Vault count percentage of total count
                 A         B        C        D         E       F
            +---------+---------+-------+---------+---------+-------
      Total |      52 |       0 |   0.0 |      31 |       0 |   0.0
            +---------+---------+-------+---------+---------+-------
        D:1 |      52 |       0 |   0.0 |      31 |       0 |   0.0
            +---------+---------+-------+---------+---------+-------
